 Dungeon Crawl Stone Soup version 0.25-a0-875-geaba134f46 (webtiles) character file.

Game seed: 17545643981892709614, levelgen mode: deterministic

3267 wvc the Slicer (level 9, -10/61 HPs)
             Began as a Demonspawn Wanderer on May 1, 2020.
             Was an Initiate of Ashenzari.
             Mangled by an orc warrior
             ... wielding a cursed -1 dire flail
              (13 damage)
             ... on level 7 of the Dungeon.
             The game lasted 00:19:23 (9363 turns).

wvc the Slicer (Demonspawn Wanderer)                Turns: 9363, Time: 00:19:23

Health: -10/61     AC:  6    Str: 12    XL:     9   Next: 68%
Magic:  0/9        EV: 11    Int: 14    God:    Ashenzari [......]
Gold:   324        SH:  0    Dex: 16    Spells: 8/8 levels left

rFire    . . .     SeeInvis .   t - +2 dagger (venom) (curse)
rCold    . . .     Gourm    .   (no shield)
rNeg     + + .     Faith    .   g - +0 ring mail (curse)
rPois    .         Spirit   +   (no helmet)
rElec    .         Reflect  .   (no cloak)
rCorr    .         Harm     .   (no gloves)
MR       .....                  x - +0 pair of boots (curse)
Stlth    +.........             (no amulet)
HPRegen  0.20/turn              j - ring of positive energy
MPRegen  0.11/turn              i - ring of positive energy (curse)

@: lightly drained
A: claws 2, demonic guardian 2, magic shield
a: Curse Item, Renounce Religion


You were on level 7 of the Dungeon.
You worshipped Ashenzari.
Ashenzari was noncommittal.
You were not hungry.

You visited 2 branches of the dungeon, and saw 8 of its levels.

You collected 324 gold pieces.

Inventory:

Hand Weapons
 l - a +2 vampiric short sword
 t - a cursed +2 dagger of venom (weapon)
 E - a +1 dagger of draining
 G - a +0 rapier
Missiles
 e - 10 javelins
 k - 13 poisoned darts (quivered)
 m - 23 boomerangs
Armour
 g - a cursed +0 ring mail (worn)
 x - a cursed +0 pair of boots (worn)
Magical Staves
 z - an uncursed staff of poison
Jewellery
 i - a cursed ring of positive energy (right claw)
 j - a ring of positive energy (left claw)
Wands
 s - a wand of flame (21)
 w - a wand of paralysis (8)
 B - a wand of enslavement (1)
 C - a wand of polymorph (7)
 D - a wand of iceblast (11)
Scrolls
 a - a scroll of fog
 o - 5 scrolls of remove curse
 y - 2 scrolls of teleportation
 F - a scroll of immolation {unknown}
 H - a scroll of identify
Potions
 b - a potion of lignification
 c - 3 potions of curing
 d - 3 potions of flight
 h - a potion of invisibility
 n - 2 potions of heal wounds
 p - 5 potions of resistance
 q - 4 potions of magic
 r - 2 potions of brilliance
 u - a potion of stabbing
 A - a potion of might {unknown}
Comestibles
 f - 11 rations


   Skills:
 + Level 2.2(2.0) Fighting
 - Level 12.0(11.7) Short Blades
 - Level 1.7(1.6) Throwing
 + Level 2.7(2.5) Armour
 + Level 2.5(2.3) Dodging
 - Level 1.7(1.6) Stealth


You had 8 spell levels left.
You didn't know any spells.
Your spell library contained the following spells:

 Spells                   Type           Power        Failure   Level  Hunger
 Confusing Touch          Hex            #.......     88%         3    ####...
 Gell's Gravitas          Tloc           #.........   88%         3    ####...
 Petrify                  Tmut/Erth      #.......     99%         4    #####..
 Metabolic Englaciation   Hex/Ice        #.........   100%        5    ######.
 Yara's Violent Unravell  Hex/Tmut       #.........   100%        5    ######.


Dungeon Overview and Level Annotations

Branches:
Dungeon (7/15)             Temple (1/1) D:7

Altars:
Ashenzari
Dithmenos
Elyvilon
Fedhas
Hepliaklqana
Kikubaaqudgha
Makhleb
Nemelex Xobeh
Qazlal
Sif Muna
Trog
Uskayaw
Wu Jian
Xom
Yredelemnul
Zin
The Shining One


Innate Abilities, Weirdness & Mutations

You have very sharp fingernails.
A demonic guardian rushes to your aid.
When hurt, damage is shared between your health and your magic reserves.


Message History

Your orange demon barely misses the orc warrior.
Things that are here:
a +4 halberd of freezing; a +0 robe You completely miss the orc warrior.
The orc warrior hits you with a cursed -1 dire flail!
You hit the orc warrior but do no damage.
The orc warrior is poisoned.
Your orange demon stings the orc warrior but does no damage.
You hit the orc warrior.
The orc warrior looks as sick as possible!
The orc warrior is lightly wounded.
The orc warrior hits you with a cursed -1 dire flail!!
* * * LOW HITPOINT WARNING * * *
You hit the orc warrior but do no damage.
The orc warrior is lightly wounded.
Your orange demon stings the orc warrior but does no damage.
You hit the orc warrior.
The orc warrior is moderately wounded.
The orc warrior hits you with a cursed -1 dire flail!
You die...

...._......#......'..#...#.......
###....###.#......#..#...#.......
# ##...# #.#......#..##'##.......
# #.### #.#.....###'#>.......(..
####.# #.#######...............
.....#####.........<.............
.#....#..........................
.##+###.........o................
.#....#.......4.@.o...[.)........
.#....#....############[#########
.'....#....# #.............'
.#....#....# #.............#
.#....#....# +....##..##..##
.#....#....# #.... #..# ##
.#....#....# #### #...
.####'#....# .... ...........#
...?#


You could see an orc warrior, an orc and a friendly orange demon.

Vanquished Creatures
  Pikel (D:5)
  Grinder (D:5)
  Duvessa (D:5)
  2 orc warriors (D:6)
  An ice beast (D:5)
  3 sky beasts
  3 ogres
  A centaur (D:6)
  A big kobold (D:7)
  2 bullfrogs (D:6)
  Dowan (D:5)
  A howler monkey (D:6)
  A crimson imp (D:6)
  6 orc wizards
  2 orc priests
  A hound (D:5)
  A gnoll shaman (D:5)
  3 iguanas
  5 worker ants
  9 gnolls
  11 adders
  A shadow imp (D:7)
  4 oozes
  An adder zombie (D:7)
  An adder skeleton (D:7)
  2 worms
  A dart slug (D:5)
  4 leopard geckos
  23 orcs
  2 ball pythons
  8 bats
  5 giant cockroaches
  8 goblins
  11 hobgoblins
  5 jackals
  13 kobolds
  4 quokkas
  8 frilled lizards
  A giant cockroach zombie (D:5)
  2 leopard gecko skeletons (D:5)
  2 quokka skeletons
  11 rats
174 creatures vanquished.

Vanquished Creatures (collateral kills)
  A two-headed ogre (D:6)
  A hippogriff (D:7)
  4 wights (D:7)
  An orc wizard (D:5)
  An orc priest (D:6)
  A worker ant zombie (D:5)
  2 gnolls (D:2)
  5 orcs
16 creatures vanquished.

Vanquished Creatures (others)
  An orc (D:5)
  A jackal skeleton (D:5)
2 creatures vanquished.

Grand Total: 192 creatures vanquished

Notes
Turn   | Place    | Note
-------+----------+-------------------------------------------
     0 | D:1      | wvc the Demonspawn Wanderer began the quest for the Orb.
     0 | D:1      | wvc set off with the following items: a +2 short sword, a
                  | potion of lignification, a potion of curing, a +0 robe, a
                  | +0 dagger, a ration
     0 | D:1      | Reached XP level 1. HP: 15/15 MP: 1/1
   297 | D:1      | Reached skill level 3 in Short Blades
   371 | D:1      | Gained mutation: A weak demonic guardian rushes to your
                  | aid. [demonic ancestry]
   371 | D:1      | Reached XP level 2. HP: 21/21 MP: 2/2
   694 | D:1      | Gained mutation: You have sharp fingernails. [demonic
                  | ancestry]
   694 | D:1      | Reached XP level 3. HP: 24/26 MP: 3/3
   864 | D:1      | Reached skill level 4 in Short Blades
  1289 | D:2      | Found a glowing golden altar of the Shining One.
  1667 | D:2      | Found a blossoming altar of Fedhas.
  1718 | D:2      | Gained mutation: You have very sharp fingernails. [demonic
                  | ancestry]
  1718 | D:2      | Reached XP level 4. HP: 25/32 MP: 4/4
  2081 | D:2      | Found a basalt altar of Yredelemnul.
  2175 | D:2      | Reached skill level 5 in Short Blades
  2503 | D:3      | Reached XP level 5. HP: 37/37 MP: 5/5
  3006 | D:3      | Found an ancient bone altar of Kikubaaqudgha.
  3041 | D:3      | Found a burning altar of Makhleb.
  3043 | D:3      | Found a sparkling altar of Nemelex Xobeh.
  3229 | D:4      | Found a stormy altar of Qazlal.
  3258 | D:4      | Found a bloodstained altar of Trog.
  3269 | D:4      | Reached skill level 6 in Short Blades
  3642 | D:4      | Noticed an ogre
  3706 | D:4      | Reached XP level 6. HP: 26/43 MP: 6/6
  4314 | D:4      | Found a shimmering blue altar of Sif Muna.
  4422 | D:5      | Entered Level 5 of the Dungeon
  4462 | D:5      | Reached skill level 7 in Short Blades
  4812 | D:5      | Gained mutation: When hurt, damage is shared between your
                  | health and your magic reserves. [demonic ancestry]
  4812 | D:5      | Reached XP level 7. HP: 21/48 MP: 7/7
  4825 | D:5      | Found a basalt altar of Yredelemnul.
  4825 | D:5      | Noticed Dowan
  4825 | D:5      | Noticed Duvessa
  4825 | D:5      | Noticed Pikel
  5129 | D:5      | Reached skill level 8 in Short Blades
  5237 | D:5      | Noticed Grinder
  5259 | D:5      | Killed Grinder
  5752 | D:5      | Killed Pikel
  5752 | D:5      | Reached skill level 9 in Short Blades
  5752 | D:5      | Gained mutation: A demonic guardian rushes to your aid.
                  | [demonic ancestry]
  5752 | D:5      | Reached XP level 8. HP: 30/54 MP: 4/8
  5930 | D:5      | Killed Duvessa
  5958 | D:5      | Killed Dowan
  6007 | D:5      | Reached skill level 10 in Short Blades
  7104 | D:6      | Noticed a two-headed ogre
  7131 | D:6      | Killed a two-headed ogre
  7131 | D:6      | Reached skill level 11 in Short Blades
  7131 | D:6      | Reached XP level 9. HP: 59/59 MP: 9/9
  7999 | D:7      | Found an ornate altar of the Wu Jian Council.
  8206 | D:7      | Found a staircase to the Ecumenical Temple.
  8218 | Temple   | Entered the Ecumenical Temple
  8228 | Temple   | Became a worshipper of Ashenzari the Shackled
  8378 | D:7      | Reached skill level 1 in Armour
  8564 | D:7      | Reached skill level 12 in Short Blades
  9342 | D:7      | Identified the ring of Rituigec {Fire *Corrode rN+ Str+2
                  | Int+4}
  9361 | D:7      | HP: 3/61 [orc warrior/cursed -1 dire flail (25)]
  9363 | D:7      | Mangled by an orc warrior

Levels and vault maps discovered:
D:1:      matt_arrival_spirals, layout_basic, minmay_pentomino_w4
D:2:      layout_loops_cross, tso_altar, lemuel_round_altar,
          yredelemnul_altar_generic
D:3:      layout_loops_ring, gammafunk_temple_overflow_forgotten
D:4:      layout_loops_ring, grunt_qazlal_sundering, lemuel_round_altar,
          bloody_trog, minmay_distorted
D:5:      layout_loops_ring, old_standard_altar, first_ration, uniq_pikel,
          uniq_duvessa, uniq_grinder
D:6:      layout_cave_pods, kennysheep_cluttered_room
D:7:      layout_gridville, nicolae_overflow_crystal_walls,
          minmay_temple_entry_offerings, uniq_crazy_yiuf_cottage
Temple:   eino_temple_lava

Skill      XL: |  1  2  3  4  5  6  7  8  9 |
---------------+----------------------------+-----
Short Blades   | 3 4 5 6 7 9 11 12 | 12.0
Armour         | 2 |  2.7
Dodging        | 2 |  2.5
Fighting       | 2 |  2.2
Throwing       | |  1.7
Stealth        | |  1.7

Action                   |  1- 3 |  4- 6 |  7- 9 || total
-------------------------+-------+-------+-------++-------
Melee: Short sword       |   163 |       |       ||   163
       Dagger            |    15 |   224 |   467 ||   706
Throw: Javelin           |       |     3 |       ||     3
       Dart              |       |     5 |     9 ||    14
Invok: Curse Item        |       |       |     4 ||     4
Evoke: Wand              |       |       |     3 ||     3
  Use: Scroll            |     7 |     3 |     6 ||    16
       Potion            |       |       |     7 ||     7
 Stab: Sleeping          |       |     1 |     4 ||     5
       Distracted        |       |       |     1 ||     1
  Eat: Chunk             |     3 |     4 |     8 ||    15
       Ration            |       |     2 |     2 ||     4
Armor: Ring mail         |    52 |    77 |    75 ||   204
       Skin              |       |       |    30 ||    30
Dodge: Dodged            |    91 |   105 |   159 ||   355

Table legend:
 A = Non-vault XP
 B = Vault XP
 C = Vault XP percentage of total XP
 D = Non-vault monster count
 E = Vault monster count
 F = Vault count percentage of total count
                 A         B        C        D         E       F
            +---------+---------+-------+---------+---------+-------
      Total |    3601 |    1067 |  22.9 |     179 |      11 |   5.8
            +---------+---------+-------+---------+---------+-------
        D:1 |      43 |      21 |  32.8 |      27 |       6 |  18.2
        D:2 |      96 |       0 |   0.0 |      30 |       0 |   0.0
        D:3 |     157 |       0 |   0.0 |      24 |       0 |   0.0
        D:4 |     136 |     107 |  44.0 |      18 |       1 |   5.3
        D:5 |     859 |     939 |  52.2 |      30 |       4 |  11.8
        D:6 |    1442 |       0 |   0.0 |      23 |       0 |   0.0
        D:7 |     868 |       0 |   0.0 |      27 |       0 |   0.0
            +---------+---------+-------+---------+---------+-------
